 Dungeon Crawl Stone Soup version 0.31-a0-675-g238779eb0a (webtiles) character file.

Game seed: 5663836361376782170

653 Bravepunisher the Nimble (level 7, 38/38 HPs)
             Began as a Spriggan Monk on Sept 5, 2023.
             Quit the game in the Ecumenical Temple.
             The game lasted 00:10:18 (2195 turns).

Bravepunisher the Nimble (Spriggan Monk)            Turns: 2195, Time: 00:10:19

Health: 38/38      AC:  3    Str:  7    XL:     7   Next: 28%
Magic:  8/8        EV: 24    Int: 11    God:
Gold:   107        SH:  0    Dex: 20    Spells: 6/6 levels left

rFire   . . .        k - +1 spear (venom)
rCold   . . .        d - orb {light}
rNeg    . . .        b - +1 robe
rPois   .            (helmet restricted)
rElec   .            (no cloak)
rCorr   .            (gloves unavailable)
SInv    +            (boots unavailable)
Will    +....        (no amulet)
Stlth   +            (no ring)
HPRegen 0.26/turn    (no ring)
MPRegen 0.11/turn

%: no passive effects
@: glowing, very quick
A: very small, no large weapons, unfitting armour, see invisible, speed 3
a: no special abilities


You were in the Ecumenical Temple.
You visited 2 branches of the dungeon, and saw 8 of its levels.
You also visited: Sewer.

You collected 107 gold pieces.

Inventory:

Hand Weapons
 f - a +1 short sword of speed
 k - a +1 spear of venom (weapon)
Armour
 b - a +1 robe (worn)
 d - an orb of light (worn)
Jewellery
 p - a ring of protection from fire
 r - an amulet of guardian spirit
Scrolls
 e - a scroll of acquirement
 j - a scroll of teleportation {unknown}
 l - a scroll of silence {unknown}
 m - 2 scrolls of revelation
 n - a scroll of brand weapon {unknown}
 o - a scroll of blinking


   Skills:
 + Level 4.5 Fighting
 - Level 3.2 Short Blades
 * Level 9.4 Dodging


You had 6 spell levels left.
You didn't know any spells.
Your spell library contained the following spells:

 Spells                   Type           Power      Damage    Failure   Level
 Kiss of Death            Conj/Necr      0%         2d5       34%         1
 Confusing Touch          Hex            0%         N/A       71%         3
 Gell's Gravitas          Tloc           0%         N/A       71%         3
 Teleport Other           Tloc           0%         N/A       71%         3
 Dispel Undead            Necr           0%         3d6       98%         4
 Dispersal                Tloc           0%         N/A       100%        6


Dungeon Overview and Level Annotations

Branches:
Dungeon (7/15)             Temple (1/1) D:7           Sewer (visited)

Altars:
Cheibriados
Dithmenos
Hepliaklqana
Nemelex Xobeh
Okawaru
Qazlal
Ru
Sif Muna
Trog
Uskayaw
Vehumet
Wu Jian
Xom
Yredelemnul
Zin
The Shining One

Shops:
D:6 :

Annotations:
D:4 Dowan, Duvessa, Pikel
D:6 Eustachio


Innate Abilities, Weirdness & Mutations

You are very small and have problems with some larger weapons.
You are too small for most types of armour.
You have supernaturally acute eyesight. (SInv)
You cover ground extremely quickly. (Speed+++)


Message History

You hit the orc but do no damage.
The orc is lightly wounded.
The orc hits you but does no damage.
You hit the orc but do no damage.
The orc looks as sick as possible!
The orc is severely wounded.
The orc completely misses you.
You hit the orc but do no damage.
The orc looks as sick as possible!
The orc is severely wounded.
You kill the orc!
Items here: ))) [[[ †.
You start to feel less resistant.
You open the door.
There is an open door here.
Found a leather armour.
Found a stone staircase leading down.
Your resistance to elements expires.
You flicker for a moment.
You flicker back into view.
You open the door.
A phantom comes into view.
Found a stone staircase leading down.
There is an open door here.
Found 2 poisoned darts.
Found a staircase to the Ecumenical Temple.
There is a staircase to the Ecumenical Temple here.
You climb downwards.
Welcome to the Ecumenical Temple!
Found a glowing silver altar of Zin and a shadowy altar of Dithmenos.
Found a staircase back to the Dungeon.
There is a staircase back to the Dungeon here.
Found a sacrificial altar of Ru and a shimmering blue altar of Sif Muna.
Found a stormy altar of Qazlal.
You feel a little less clever now.
HP restored.
Done exploring.
Done exploring.
There is a glowing silver altar of Zin here.
You enter the shallow water.
Moving in this stuff is going to be slow.
There is a stormy altar of Qazlal here.
Are you sure you want to abandon this character and quit the game? (Confirm with "yes".)

♣♣~~...~♣§...§.♣.♣~...~..
♣~~....♣.§♣._.....♣♣....
♣♣~...♣~..♣..~~...♣♣....
♣~~.♣..<..........♣...~
♣♣~.♣........♣§_.......
♣~~.~....~..♣.......♣.
♣♣~....§._.♣.~......♣♣
♣♣...♣♣.....~~..~♣.♣♣
♣..@.♣......§♣♣...~♣
♣♣.~....♣♣._.~♣♣♣.~~~
♣♣~.~~....♣...........
♣≈~~~~~._......_......
♣♣≈~.~~..~............_
♣≈≈♣♣....~..~§..~.....~
♣♣~~.♣..........~~§.....
♣≈~..♣.........~~~._...♣
♣≈~..§.......♣.~~~....♣♣


There were no monsters in sight!

Vanquished Creatures
  An orc warrior (D:7)
  A lemure (D:4)
  2 bullfrogs (Sewer)
  A scorpion (D:4)
  4 hounds
  Crazy Yiuf (D:5)
  4 iguanas
  An orc wizard (D:7)
  5 adders (Sewer)
  A worm (D:4)
  A dart slug (D:2)
  An orc (D:7)
  5 endoplasms
  6 giant cockroaches
  5 hobgoblins
  6 quokkas
  2 ball pythons (Sewer)
  2 bats (D:2)
  9 frilled lizards
  2 goblins
  2 rats (D:2)
62 creatures vanquished.

Notes
Turn   | Place    | Note
-------+----------+-------------------------------------------
     0 | D:1      | Bravepunisher the Spriggan Monk began the quest for the
                  | Orb.
     0 | D:1      | Reached XP level 1. HP: 11/11 MP: 2/2
   147 | D:2      | Reached XP level 2. HP: 16/16 MP: 3/3
   416 | D:3      | Reached skill level 5 in Dodging
   421 | D:3      | Found a basalt altar of Yredelemnul.
   474 | D:4      | Noticed Dowan
   475 | D:4      | Noticed Duvessa
   477 | D:5      | Entered Level 5 of the Dungeon
   496 | D:4      | Noticed an ogre
   570 | D:5      | Reached XP level 3. HP: 19/19 MP: 4/4
   620 | D:5      | Reached XP level 4. HP: 20/24 MP: 5/5
   627 | D:5      | Found a runed translucent door.
   628 | D:5      | Noticed Crazy Yiuf
   661 | D:5      | Killed Crazy Yiuf
   662 | D:5      | Reached skill level 6 in Dodging
   782 | D:5      | Noticed a phantom
   929 | D:5      | Noticed a scorpion
   984 | D:4      | Found a snail-covered altar of Cheibriados.
  1021 | D:4      | Reached XP level 5. HP: 22/28 MP: 6/6
  1032 | D:4      | Reached skill level 7 in Dodging
  1218 | D:4      | Noticed a lemure
  1219 | D:4      | Noticed a lemure
  1220 | D:4      | Noticed Pikel
  1220 | D:4      | Noticed a lemure
  1221 | D:4      | Noticed a lemure
  1246 | D:4      | Found a glowing drain.
  1259 | Sewer    | Entered a sewer
  1390 | Sewer    | Reached XP level 6. HP: 26/33 MP: 7/7
  1543 | Sewer    | Reached skill level 8 in Dodging
  1806 | D:4      | Found a hazy altar of Hepliaklqana.
  1809 | D:4      | You fall into a shaft and drop 1 floor!
  1841 | D:6      | Reached skill level 9 in Dodging
  1841 | D:6      | Reached XP level 7. HP: 11/38 MP: 8/8
  1960 | D:6      | Noticed Eustachio
  1977 | D:6      | Found Etouli Neagh's Book Emporium.
  2022 | D:6      | Found an ornate altar of the Wu Jian Council.
  2068 | D:7      | Identified a scroll of acquirement
  2145 | D:7      | Found a staircase to the Ecumenical Temple.
  2152 | Temple   | Entered the Ecumenical Temple
  2195 | Temple   | Quit the game

Illustrated notes

Levels and vault maps discovered:
D:1:      psy_arrival_conway, layout_rooms, serial_shops, shop,
          minmay_misc_feat_square
D:2:      layout_rooms, nicolae_titane
D:3:      minmay_thinvault, layout_basic, mainiacjoe_overflow_paths
D:4:      layout_basic, old_standard_altar, mainiacjoe_overflow_cross_hatched,
          cheibrodos_sewer_entry_bend, uniq_duvessa, uniq_pikel
D:5:      layout_rooms, uniq_crazy_yiuf_cottage
D:6:      layout_rooms, nzn_wu_jian_council_hall, serial_shops,
          nicolae_shop_tiny_glass, uniq_eustachio, uniq_blork_the_orc
D:7:      layout_basic, mainiacjoe_overflow_24_doors,
          minmay_temple_entry_gardened_gates, kennysheep_generic_room_10,
          uniq_menkaure
Temple:   nicolae_temple_bog_church

Skill      XL: |  1  2  3  4  5  6 |
---------------+-------------------+-----
Dodging        | 5 6 7 9 |  9.4
Fighting       | 3 4 |  4.5
Short Blades   | |  3.2

Action                     |  1- 3 |  4- 6 |  7- 9 || total
---------------------------+-------+-------+-------++-------
  Melee: Short sword       |    49 |       |       ||    49
         Spear             |    24 |   151 |    19 ||   194
    Use: Potion            |       |       |     4 ||     4
         Scroll            |       |       |     3 ||     3
 Armour: Robe              |    13 |    36 |     9 ||    58
  Dodge: Dodged            |    35 |   119 |    44 ||   198

Table legend: (Time is in decaauts)
 A = Elapsed time spent in this place.
 B = Non-inter-level travel time spent in this place.
 C = Inter-level travel time spent in this place.
 D = Time resting spent in this place.
 E = Time spent auto-exploring this place.
 F = Levels seen in this place.
 G = Mean time per level.
                   A        B        C        D        E       F      G
               +--------+--------+--------+--------+--------+-----+--------+
         Total |   1702 |   1673 |     29 |    182 |    655 |   9 |  189.1 |
       Dungeon |   1231 |   1202 |     29 |    161 |    460 |   7 |  175.9 |
        Temple |     31 |     31 |      0 |      0 |     11 |   1 |   31.0 |
         Sewer |    440 |    440 |      0 |     21 |    183 |   1 |  440.0 |
               +--------+--------+--------+--------+--------+-----+--------+

Top non-repeatable levels by time:
   Sewer: 440 daAuts
     D:4: 338 daAuts
     D:6: 267 daAuts
     D:5: 260 daAuts
     D:2: 215 daAuts
     D:1: 71 daAuts
     D:7: 70 daAuts
  Temple: 31 daAuts
     D:3: 8 daAuts
